 Dungeon Crawl Stone Soup version 0.31-a0-255-g9c3d1c461a (webtiles) character file.

Game seed: 16058427297475560886

46 qw the Shooter (level 3, -1/21 HPs)
             Began as a Gargoyle Hexslinger on July 12, 2023.
             Slain by a hobgoblin (4 damage)
             ... on level 2 of the Dungeon.
             The game lasted 00:00:27 (1097 turns).

qw the Shooter (Gargoyle Hexslinger)                Turns: 1097, Time: 00:00:28

Health: -1/21      AC:  6    Str:  9    XL:     3   Next: 68%
Magic:  4/4        EV: 11    Int: 13    God:
Gold:   13         SH:  0    Dex: 14    Spells: 3/4 levels left

rFire   . . .        Y - +1 sling (heavy)
rCold   . . .        (no shield)
rNeg    + . .        m - +0 leather armour
rPois   inf          (helmet restricted)
rElec   +            (no cloak)
rCorr   .            (no gloves)
SInv    .            (no boots)
Will    .....        (no amulet)
Stlth   +            (no ring)
HPRegen 0.23/turn    (no ring)
MPRegen 0.09/turn

%: no passive effects
@: about to teleport
A: sickness immunity, AC +3, negative energy resistance 1, electricity
resistance, torment resistance 1, petrification resistance, antennae 1, weak 1
a: no special abilities


You were on level 2 of the Dungeon.
You visited 1 branch of the dungeon, and saw 2 of its levels.

You collected 13 gold pieces.


Innate Abilities, Weirdness & Mutations

You are immune to sickness and miasma.
Your stone body is resilient. (AC +3)
You are immune to poison.
You resist negative energy. (rN+)
You are resistant to electric shocks. (rElec)
You are resistant to unholy torment.
You are immune to petrification.
You have a pair of small antennae on your head.
You are weak. (Str -2)


   Skills:
 - Level 2.0 Fighting
 + Level 3.6 Ranged Weapons
 - Level 1.5 Dodging
 - Level 1.0 Spellcasting
 - Level 2.6 Hexes


You had 3 spell levels left.
You knew the following spells:

 Your Spells              Type           Power      Damage    Failure   Level
a - Slow                  Hex            28%        N/A       13%         1

Your spell library contained the following spells:

 Spells                   Type           Power      Damage    Failure   Level
 Inner Flame              Hex/Fire       4%         N/A       56%         3
 Portal Projectile        Hex/Tloc       8%         N/A       56%         3
 Cause Fear               Hex            3%         N/A       78%         4

Inventory:

Hand Weapons
 Y - a +1 heavy sling (weapon)
Armour
 m - a +0 leather armour (worn)
Scrolls
 a - a scroll of teleportation
 h - a scroll of identify
Potions
 d - a potion of curing {unknown}
 e - a potion of ambrosia {unknown}
 f - a potion of berserk rage {unknown}
 i - a potion of mutation
 l - a potion of enlightenment {unknown}

Dungeon Overview and Level Annotations

Branches:
Dungeon (2/15)

Altars:


Message History

Robin hits you with a +0 falchion.
A goblin comes into view. It is wielding a +0 club.
The goblin misses you.
You shoot a sling bullet. The sling bullet hits Robin!
Robin is heavily wounded.
The goblin barely misses you. The goblin completely misses you.
You shoot a sling bullet. The sling bullet hits Robin.
Robin is heavily wounded.
Robin says, "My army is invincible!"
Robin closely misses you. The goblin hits you but does no damage.
The goblin closely misses you.
The hobgoblin hits you but does no damage.
Robin misses you.
A hobgoblin comes into view.
The hobgoblin hits you. The goblin hits you but does no damage.
The hobgoblin hits you but does no damage.
The goblin unwields a +0 sling.
The goblin wields a +0 club.
The goblin completely misses you.
You shoot a sling bullet. The sling bullet barely misses Robin.
The sling bullet barely misses the hobgoblin.
The goblin hits you with a +0 dagger. The goblin closely misses you.
Robin hits you with a +0 falchion. The hobgoblin hits you. x2
The goblin barely misses you. The goblin hits you but does no damage.
Robin roars a battlecry!
The goblins go into a battle-frenzy!
The goblin closely misses you. The hobgoblin misses you.
The hobgoblin closely misses you. The goblin hits you with a +0 club.
The goblin hits you but does no damage.
1096 ||| READING 2 scrolls of teleportation.
As you read the scroll of teleportation, it crumbles to dust.
You feel strangely unstable. Robin throws the goblin at you!
The goblin barely misses you. The hobgoblin completely misses you.
The hobgoblin misses you. The goblin misses you.
The goblin hits you but does no damage. x2
The goblin hits you with a +0 club.
You shoot a sling bullet. The sling bullet hits Robin!
You kill Robin!
The goblin hits you with a +0 club. The goblin misses you. x2
The goblin hits you but does no damage. The hobgoblin hits you.
You die...

# ### ... #. ..# .... ..
#.# ..... #.#######
#.###....
#.......######........
#...ggg......#........
#%.gg@g......#........
....?))gg...............
...?..........#+#.......
....g........}# #}......
.......####.### ###.....
....... ...+ +.....
....... #...# ###.....
....... #.. #}...#..
#....#..


You could see 3 hobgoblins and 6 goblins.

Vanquished Creatures
  Robin (D:2)
  An adder (D:2)
  A dart slug (D:1)
  2 ball pythons (D:1)
  2 endoplasms (D:1)
  5 giant cockroaches (D:1)
  A hobgoblin (D:1)
  3 quokkas
  4 bats
  7 goblins
  2 kobolds
  3 rats
32 creatures vanquished.

Notes
Turn   | Place    | Note
-------+----------+-------------------------------------------
     0 | D:1      | qw the Gargoyle Hexslinger began the quest for the Orb.
     0 | D:1      | Reached XP level 1. HP: 12/12 MP: 2/2
     0 | D:1      | 0 ||| qw: Version: 0.3-a-52-g30416fa
     0 | D:1      | 0 ||| qw: Game counter: 6676
     0 | D:1      | 0 ||| qw: Melee chars always use a shield: true
     0 | D:1      | 0 ||| qw: God list: Okawaru
     0 | D:1      | 0 ||| qw: Allow faded altars: false
     0 | D:1      | 0 ||| qw: Do Orc after clearing Dungeon:15 true
     0 | D:1      | 0 ||| qw: Do second Lair branch before Depths: true
     0 | D:1      | 0 ||| qw: Lair rune preference: random
     0 | D:1      | 0 ||| qw: Goals: Normal
     0 | D:1      | 0 ||| PLANNING D:1-11
    43 | D:1      | HP: 3/12 [goblin/+0 club (3)]
    96 | D:1      | Reached XP level 2. HP: 16/16 MP: 3/3
   292 | D:1      | Reached skill level 3 in Ranged Weapons
   424 | D:1      | Reached XP level 3. HP: 21/21 MP: 4/4
   959 | D:1      | 959 ||| UPGRADING to +0 leather armour.
   969 | D:1      | 969 ||| DROPPING +0 robe.
   970 | D:1      | 970 ||| READING scroll labelled XENWUG METAN.
   974 | D:1      | 974 ||| READING 2 scrolls labelled MAT FAANUDD.
   975 | D:1      | 975 ||| READING scroll labelled DOMUDA VATRUMU.
   976 | D:1      | 976 ||| READING scroll labelled SECEUDUBBU.
   977 | D:1      | 977 ||| DRINKING 2 fizzy golden potions.
   977 | D:1      | Gained mutation: You are weak. (Str -2) [potion of
                  | mutation]
   977 | D:1      | Gained mutation: You have a pair of small antennae on your
                  | head. [potion of mutation]
   978 | D:1      | 978 ||| DROPPING scroll of poison.
  1015 | D:2      | 1015 ||| READING scroll of brand weapon.
  1015 | D:2      | 1015 ||| BRANDING +1 sling of chaos.
  1088 | D:2      | Noticed Robin
  1095 | D:2      | HP: 5/21 [goblin/+0 club[Robin] (3)]
  1096 | D:2      | 1096 ||| READING 2 scrolls of teleportation.
  1097 | D:2      | Killed Robin
  1097 | D:2      | Slain by a hobgoblin

Levels and vault maps discovered:
D:1:      beargit_arrival_diablo_church, layout_basic,
          wad_floor_pattern_untrapped
D:2:      layout_basic, serial_shops, nicolae_shop_real_fake_doors,
          basic_ecumenical_altar, minmay_tetromino_l2, uniq_robin

Skill      XL: |  1  2 |
---------------+-------+-----
Ranged Weapons | 3 |  3.6
Fighting       | 2 |  2.0
Dodging        | |  1.5
Spellcasting   | |  1.0
Hexes          | |  2.6

Action                     || total
---------------------------++-------
   Fire: Sling             ||   113
    Use: Scroll            ||     6
         Potion            ||     1
 Armour: Robe              ||     9
         Leather armour    ||    26
  Dodge: Dodged            ||    53

Table legend:
 A = Non-vault XP
 B = Vault XP
 C = Vault XP percentage of total XP
 D = Non-vault monster count
 E = Vault monster count
 F = Vault count percentage of total count
                 A         B        C        D         E       F
            +---------+---------+-------+---------+---------+-------
      Total |      57 |      25 |  30.5 |      26 |       6 |  18.8
            +---------+---------+-------+---------+---------+-------
        D:1 |      40 |       0 |   0.0 |      22 |       0 |   0.0
        D:2 |      17 |      25 |  59.5 |       4 |       6 |  60.0
            +---------+---------+-------+---------+---------+-------
